[Event "Titled Tuesday Blitz July 11 Early 2023"]
[White "Kantans, Toms"]
[Black "Kleiman, Jake"]
[WhiteFideId "11602945"]
[BlackFideId "2020041"]
[WhiteElo "2654"]
[BlackElo "2487"]
[Result "0-1"]
[Round "7"]
[TimeControl "180+2"]
[Date "2023.07.11"]
[WhiteClock "0:00:00"]
[BlackClock "0:00:16"]
[Board "83"]

1. e4 e5 2. Nf3 Nc6 3. d4 exd4 4. Nxd4 Bb4+ 5. c3 Bc5 6. Be3 Bb6 7. Nf5 Bxe3 8. Nxe3 Nf6 9. f3 O-O 10. c4 d6 11. Nc3 Nd7 12. Qd2 Nc5 13. Ncd5 f5 14. b4 Na4 15. Bd3 Ne5 16. O-O c6 17. Nf4 fxe4 18. fxe4 a5 19. a3 Qb6 20. c5 Qc7 21. cxd6 Qxd6 22. Nc4 Qd4+ 23. Kh1 Nxc4 24. Qa2 b5 25. Rad1 Bg4 26. Be2 Qxe4 27. Bxg4 Rxf4 28. Rfe1 Qg6 29. Be6+ Kh8 30. Qe2 h6 31. Rd3 Re8 32. h3 Qf6 0-1


[Site "https://www.chess.com"]

[Event "Titled Tuesday Blitz July 11 Early 2023"]
[White "Haug, Havard"]
[Black "Jovic, Stanoje"]
[WhiteFideId "1547887"]
[BlackFideId "905020"]
[WhiteElo "2635"]
[BlackElo "2483"]
[Result "1-0"]
[Round "7"]
[TimeControl "180+2"]
[Date "2023.07.11"]
[WhiteClock "0:00:04"]
[BlackClock "0:00:00"]
[Board "84"]

1. e4 c6 2. d4 d5 3. exd5 cxd5 4. Bd3 Nc6 5. c3 g6 6. h3 Nh6 7. Nf3 f6 8. O-O Nf7 9. c4 dxc4 10. Bxc4 Bg7 11. Qb3 O-O 12. Nc3 Na5 13. Bxf7+ Rxf7 14. Qc2 b6 15. d5 Bb7 16. Rd1 Rc8 17. Qe2 Nc4 18. Nd4 Nd6 19. Bf4 f5 20. Ne6 Qd7 21. Nxg7 Rxg7 22. Qe6+ Qxe6 23. dxe6 g5 24. Bxd6 exd6 25. Rxd6 g4 26. hxg4 Rxg4 27. g3 f4 28. Ne2 fxg3 29. Nxg3 h5 30. e7 Re8 31. Rd8 Kf7 32. Rxe8 Kxe8 33. Kh2 Kxe7 34. Kh3 Bc8 35. Kh2 h4 36. Ne2 Bb7 37. Rg1 Rxg1 38. Nxg1 Kf6 39. Kh3 Kg5 40. f3 Bc8+ 41. Kg2 Kf4 42. Kf2 h3 43. Ne2+ Ke5 44. Kg3 Be6 45. a3 a5 46. Ng1 Kd4 47. Nxh3 Kc4 48. Nf2 Kb3 49. Nd1 Kc2 50. Nc3 Bd7 51. Nd5 b5 52. b4 a4 53. f4 Kb2 54. Nc7 Kxa3 55. f5 Kxb4 56. f6 a3 57. f7 a2 58. f8=Q+ Kb3 59. Qf6 b4 60. Nd5 Kc4 61. Nxb4 Kxb4 62. Qb2+ 1-0


[Site "https://www.chess.com"]

[Event "Titled Tuesday Blitz July 11 Early 2023"]
[White "Baches Garcia, Guillermo"]
[Black "Ahmad, Khagan"]
[WhiteFideId "2209764"]
[BlackFideId "13431552"]
[WhiteElo "2482"]
[BlackElo "2629"]
[Result "0-1"]
[Round "7"]
[TimeControl "180+2"]
[Date "2023.07.11"]
[WhiteClock "0:00:00"]
[BlackClock "0:00:08"]
[Board "85"]

1. e4 c5 2. Nf3 d6 3. d4 cxd4 4. Nxd4 Nf6 5. Nc3 a6 6. Be3 e5 7. Nb3 Be7 8. f3 Be6 9. Qd2 Nbd7 10. O-O-O O-O 11. g4 b5 12. g5 Nh5 13. Kb1 Nb6 14. Nd5 Bxd5 15. exd5 Qc7 16. Na5 Nxd5 17. Qxd5 Qxa5 18. Bd3 g6 19. Be4 Rac8 20. a3 Qc7 21. Rc1 Qc4 22. Qb7 a5 23. Qxe7 b4 24. Qxd6 Rfd8 25. Qxe5 bxa3 26. b3 Qb4 27. Rhd1 Re8 28. Qd4 Qb5 29. Qd5 Qb4 30. Rd4 Qc3 0-1


[Site "https://www.chess.com"]

[Event "Titled Tuesday Blitz July 11 Early 2023"]
[White "Fiorito, Joaquin"]
[Black "Szczurek, Krzysztof"]
[WhiteFideId "180173"]
[BlackFideId "1185489"]
[WhiteElo "2618"]
[BlackElo "2481"]
[Result "0-1"]
[Round "7"]
[TimeControl "180+2"]
[Date "2023.07.11"]
[WhiteClock "0:00:01"]
[BlackClock "0:00:06"]
[Board "86"]

1. d4 Nf6 2. Nc3 d5 3. Bf4 c6 4. e3 Bf5 5. f3 h6 6. g4 Bh7 7. h4 e6 8. Qd2 Bd6 9. Nh3 Qc7 10. Bxd6 Qxd6 11. Nf4 Nbd7 12. g5 Ng8 13. e4 dxe4 14. fxe4 e5 15. dxe5 Qxd2+ 16. Kxd2 Nxe5 17. Bd3 O-O-O 18. Raf1 Ne7 19. Nh5 Rhg8 20. Rhg1 hxg5 21. Rxg5 N7g6 22. Ke2 f6 23. Rgg1 Rde8 24. Nf4 Nxh4 25. Rh1 g5 26. Nh5 Ref8 27. Nxf6 Rh8 28. Rhg1 g4 29. Nxg4 Nef3 30. Rg3 Nd4+ 31. Kd2 Rxf1 32. Bxf1 Rg8 33. Rd3 Ndf3+ 34. Ke3 Kc7 35. Be2 Rxg4 36. Bxf3 Nxf3 37. Kxf3 Rh4 38. Ke3 Rh2 39. Rd2 Rh3+ 40. Kd4 Bg8 41. Rg2 Be6 42. a4 a6 43. Ke5 Bc4 44. Rg7+ Kb6 45. Kd4 Be6 46. a5+ Ka7 47. Na4 Rh2 48. Nc5 Bc8 49. Kc3 Rh3+ 50. Nd3 Rh2 51. e5 Re2 52. Re7 Bf5 53. Nc5 Rxc2+ 54. Kb3 Rxc5 55. Kb4 Rb5+ 56. Kc4 Rxa5 57. b4 Rb5 58. Kc3 Kb6 59. Kc4 Rd5 60. Kc3 Rd7 61. Re8 Rh7 62. Rf8 Be6 63. Rf6 Bd5 64. Rd6 Kb5 65. Rd8 Re7 66. Kd4 Kxb4 67. Rb8 a5 68. e6 a4 69. Kd3 a3 70. Ra8 a2 71. Kd4 Rxe6 72. Kd3 Re1 0-1


[Site "https://www.chess.com"]

[Event "Titled Tuesday Blitz July 11 Early 2023"]
[White "gueraumasague"]
[Black "NLLO777"]
[WhiteElo "2477"]
[BlackElo "2611"]
[Result "1-0"]
[Round "7"]
[TimeControl "180+2"]
[Date "2023.07.11"]
[WhiteClock "0:01:02"]
[BlackClock "0:00:11"]
[Board "87"]

1. e4 c5 2. Nc3 a6 3. g3 b5 4. Bg2 Bb7 5. d3 e6 6. Nh3 Nf6 7. O-O d6 8. f4 Qc7 9. g4 Be7 10. g5 Nfd7 11. f5 e5 12. Nd5 Bxd5 13. exd5 Nb6 14. f6 gxf6 15. gxf6 Bf8 16. Qh5 h6 17. Ng5 Rg8 18. Ne6 Qb7 19. Nxf8 Qxd5 20. Rf2 Kxf8 21. Bxh6+ Ke8 22. Bg7 Qd4 23. Qh7 Rf8 24. Bxf8 Qxb2 25. Raf1 N8d7 26. Bxd6 Nf8 27. Bxf8 Rd8 28. Be7 Rd4 29. Bc6+ Nd7 30. Qg8# 1-0


[Site "https://www.chess.com"]

[Event "Titled Tuesday Blitz July 11 Early 2023"]
[White "Ezat, Mohamed"]
[Black "Kopczynski, Michal"]
[WhiteFideId "10600906"]
[BlackFideId "1124200"]
[WhiteElo "2609"]
[BlackElo "2472"]
[Result "1-0"]
[Round "7"]
[TimeControl "180+2"]
[Date "2023.07.11"]
[WhiteClock "0:01:47"]
[BlackClock "0:00:53"]
[Board "88"]

1. e4 c5 2. d4 cxd4 3. c3 d5 4. exd5 Qxd5 5. Nf3 Nc6 6. cxd4 Bg4 7. Be2 e6 8. Nc3 Bb4 9. O-O Bxc3 10. bxc3 Nge7 11. h3 Bh5 12. Rb1 O-O 13. Rb5 Bxf3 14. Rxd5 Bxd5 15. Ba3 Bxa2 16. c4 Rfd8 17. Qc2 Bxc4 18. Qxc4 Rxd4 19. Qb3 b6 20. Bf3 Rad8 21. Qc2 Rd3 22. Ra1 Rxa3 23. Rxa3 Nd4 24. Rd3 e5 25. Qc7 Re8 26. Qxe5 1-0


[Site "https://www.chess.com"]

[Event "Titled Tuesday Blitz July 11 Early 2023"]
[White "Mmukka"]
[Black "Niekras, Dawid"]
[BlackFideId "1160451"]
[WhiteElo "2457"]
[BlackElo "2604"]
[Result "0-1"]
[Round "7"]
[TimeControl "180+2"]
[Date "2023.07.11"]
[WhiteClock "0:00:00"]
[BlackClock "0:00:06"]
[Board "89"]

1. e4 g6 2. d4 Bg7 3. Nc3 c6 4. Bc4 d5 5. exd5 b5 6. Bb3 b4 7. Na4 cxd5 8. Nf3 Nf6 9. O-O O-O 10. Re1 Nc6 11. c3 bxc3 12. Nxc3 Bg4 13. Be3 e6 14. h3 Bxf3 15. Qxf3 Qb6 16. Rad1 Na5 17. Na4 Qb5 18. Nc5 Nxb3 19. axb3 Nd7 20. Nxd7 Qxd7 21. Bf4 Rfc8 22. Qd3 a5 23. Rc1 Qb7 24. Bd6 h5 25. h4 Rxc1 26. Rxc1 a4 27. b4 Bf8 28. Bxf8 Kxf8 29. b5 Kg7 30. Rc5 Qe7 31. g3 Qb7 32. Qc3 Qb6 33. Qb4 Qb7 34. Qc3 Qb6 35. Qb4 Qa5 36. Qxa5 Rxa5 37. b6 Ra8 38. b7 Rb8 39. Rb5 Kf6 40. Kf1 Ke7 41. Ke2 Kd6 42. Rb4 Kc6 43. Rxa4 Rxb7 44. b4 Kb5 45. Ra1 Rc7 46. Kd3 Kxb4 47. Rb1+ Ka5 48. f4 Ka6 49. Rb8 Rb7 50. Ra8+ Kb6 51. Ra3 Kc6 52. Ke3 Kd7 53. Rc3 Kd6 54. Ra3 Ke7 55. Rc3 Kf6 56. Kf3 Rb2 57. Rd3 Rb4 58. Ke3 Ra4 59. Kf3 Kf5 60. Rd2 Ra3+ 61. Kf2 Kg4 62. Rb2 Rf3+ 63. Kg2 Rxg3+ 64. Kf2 Rf3+ 65. Ke2 Rxf4 66. Ke3 Re4+ 67. Kd3 Rf4 68. Rb7 Kxh4 69. Rd7 Kg5 70. Rd8 Rf3+ 71. Ke2 Rf5 72. Rh8 Kf4 73. Kd3 Kg3 74. Ke3 h4 75. Rh7 h3 0-1


[Site "https://www.chess.com"]

[Event "Titled Tuesday Blitz July 11 Early 2023"]
[White "Mogirzan, Matei-Valeriu"]
[Black "Zheenbekov, Nurgazy"]
[WhiteFideId "1257455"]
[BlackFideId "13800485"]
[WhiteElo "2591"]
[BlackElo "2450"]
[Result "1-0"]
[Round "7"]
[TimeControl "180+2"]
[Date "2023.07.11"]
[WhiteClock "0:00:03"]
[BlackClock "0:00:00"]
[Board "90"]

1. e4 e5 2. f4 d5 3. Nf3 exf4 4. exd5 Nf6 5. Nc3 Nxd5 6. Be2 Bc5 7. d4 Bb4 8. O-O Bxc3 9. bxc3 Nxc3 10. Qe1 Nxe2+ 11. Qxe2+ Be6 12. Bxf4 O-O 13. c4 c6 14. Rad1 Nd7 15. Ng5 Re8 16. Qd3 g6 17. d5 cxd5 18. cxd5 Bf5 19. Qg3 Nf6 20. d6 Qb6+ 21. Kh1 Rad8 22. Qh4 h5 23. Nf3 Ng4 24. h3 Ne3 25. Bxe3 Qxe3 26. Rfe1 Qb6 27. Qf6 Qc6 28. Kh2 Rxe1 29. Qxd8+ Re8 30. Qf6 Qd7 31. Kg3 Re6 32. Qd4 Re4 33. Qf6 a6 34. Ne5 h4+ 35. Kh2 Rxe5 36. Qxe5 Be6 37. Rc1 Qa4 38. Rc7 Qxa2 39. Qg5 Qd2 40. Qxd2 1-0


[Site "https://www.chess.com"]

[Event "Titled Tuesday Blitz July 11 Early 2023"]
[White "Nunez V, Gustavo Eduardo"]
[Black "Zavgorodniy, Sergiy"]
[WhiteFideId "4403690"]
[BlackFideId "14110148"]
[WhiteElo "2449"]
[BlackElo "2581"]
[Result "0-1"]
[Round "7"]
[TimeControl "180+2"]
[Date "2023.07.11"]
[WhiteClock "0:00:07"]
[BlackClock "0:00:15"]
[Board "91"]

1. e4 e5 2. Nc3 Nf6 3. g3 h5 4. h3 Bb4 5. Bg2 c6 6. Nge2 d5 7. a3 Bxc3 8. Nxc3 Nxe4 9. Nxe4 dxe4 10. Bxe4 f5 11. Bg2 h4 12. gxh4 Be6 13. d3 Qxh4 14. Qe2 Nd7 15. Bd2 O-O-O 16. O-O-O Rde8 17. Qe3 Kb8 18. Qg3 Qxg3 19. fxg3 Bd5 20. Bxd5 cxd5 21. Rdf1 g6 22. h4 Nf6 23. Re1 Kc7 24. Rxe5 Rxe5 25. Bf4 Ng4 26. d4 Kd7 27. dxe5 Ke6 28. Re1 Rc8 29. b3 Rc3 30. Kd2 Rf3 31. Re2 Nf2 32. Re3 Ne4+ 33. Kd3 Rf2 34. Re2 Rf3+ 35. Re3 Rf2 36. Re2 Rf1 37. Kd4 Rd1+ 38. Ke3 d4+ 39. Kf3 d3 40. cxd3 Rxd3+ 41. Re3 Rd1 42. Ke2 Rd2+ 43. Kf3 Rf2# 0-1


[Site "https://www.chess.com"]

[Event "Titled Tuesday Blitz July 11 Early 2023"]
[White "Begunov, Konstantin"]
[Black "ATM622"]
[WhiteFideId "4118510"]
[WhiteElo "2439"]
[BlackElo "2578"]
[Result "0-1"]
[Round "7"]
[TimeControl "180+2"]
[Date "2023.07.11"]
[WhiteClock "0:00:06"]
[BlackClock "0:01:35"]
[Board "92"]

1. d4 Nf6 2. c4 e6 3. Nf3 d5 4. Nc3 c6 5. cxd5 exd5 6. Bg5 Be7 7. Qc2 O-O 8. e3 h6 9. Bh4 Nbd7 10. Bd3 Re8 11. O-O Nf8 12. Rab1 Ne4 13. Bxe4 Bxh4 14. Bd3 Bf6 15. b4 Bg4 16. Nd2 a6 17. a4 Qd6 18. b5 axb5 19. axb5 c5 20. dxc5 Qxc5 21. Nce4 Qe7 22. Nxf6+ Qxf6 23. Nb3 Qg5 24. Nd4 Bh3 25. f4 Qe7 26. Rfe1 Bd7 27. Qb3 Ra3 28. Qd1 Qc5 29. Rc1 Qb6 30. Ra1 Rea8 31. Rxa3 Rxa3 32. Bf1 Ne6 33. Nf5 Nxf4 34. Qc1 Ra2 35. Qc3 Bxf5 36. Qe5 Nd3 37. Rd1 Nxe5 0-1


[Site "https://www.chess.com"]

[Event "Titled Tuesday Blitz July 11 Early 2023"]
[White "Stork, Oliver"]
[Black "Gontcharov, Vladislav"]
[WhiteFideId "12955728"]
[BlackFideId "4123492"]
[WhiteElo "2435"]
[BlackElo "2575"]
[Result "0-1"]
[Round "7"]
[TimeControl "180+2"]
[Date "2023.07.11"]
[WhiteClock "0:01:03"]
[BlackClock "0:01:21"]
[Board "93"]

1. e4 e6 2. d4 d5 3. Nd2 Be7 4. e5 c5 5. c3 Nc6 6. Ngf3 cxd4 7. cxd4 Nh6 8. Bd3 Nf5 9. Nb3 Bb4+ 10. Bd2 Nh4 11. Bxb4 Nxf3+ 12. Qxf3 Nxb4 13. Bb5+ Bd7 14. Bxd7+ Qxd7 15. O-O b6 16. a3 Nc6 17. Rac1 O-O 18. h4 f6 19. Qg3 fxe5 20. dxe5 Rf5 21. Rxc6 Qxc6 22. Nd4 Qc7 23. Nxf5 exf5 24. Qf4 Re8 25. Qd4 Qxe5 26. Qa4 Re7 27. Rc1 h6 28. Rc8+ Kh7 29. Ra8 Qe1+ 30. Kh2 Qxf2 31. Rxa7 Re4 32. Rxg7+ Kxg7 33. Qd7+ Kg6 34. Qd6+ Kh5 0-1


[Site "https://www.chess.com"]

[Event "Titled Tuesday Blitz July 11 Early 2023"]
[White "whiteglovethief"]
[Black "Streltsov, Alexey"]
[BlackFideId "24104434"]
[WhiteElo "2429"]
[BlackElo "2571"]
[Result "0-1"]
[Round "7"]
[TimeControl "180+2"]
[Date "2023.07.11"]
[WhiteClock "0:00:46"]
[BlackClock "0:00:41"]
[Board "94"]

1. d4 Nf6 2. c4 g6 3. Nc3 d5 4. cxd5 Nxd5 5. e4 Nxc3 6. bxc3 Bg7 7. Nf3 c5 8. Rb1 O-O 9. Be2 Bg4 10. Rxb7 Bxf3 11. Bxf3 cxd4 12. cxd4 Qxd4 13. Qxd4 Bxd4 14. Rxe7 Nc6 15. Rc7 Bc3+ 16. Bd2 Bxd2+ 17. Kxd2 Rfd8+ 18. Ke3 Nb4 19. a3 Rd3+ 20. Kf4 Rxa3 21. Rd1 Nd3+ 22. Kg3 a5 23. Rb1 Nb4 24. Kf4 Rd3 25. e5 Re8 26. Rc5 Ra3 27. Rb5 Nd3+ 28. Ke4 Nxf2+ 29. Kd4 Rc8 30. R1b3 Ra4+ 31. Ke3 Ng4+ 32. Bxg4 Rxg4 33. Rxa5 Rxg2 34. e6 Re8 35. Kf3 Rxh2 36. exf7+ Kxf7 37. Rb7+ Re7 38. Rb8 Rh3+ 39. Kg4 Rhe3 40. Raa8 R7e4+ 41. Kg5 Rg3+ 42. Kh6 Rh4# 0-1


[Site "https://www.chess.com"]

[Event "Titled Tuesday Blitz July 11 Early 2023"]
[White "Estrada Nieto, Julian"]
[Black "chess123456s"]
[WhiteFideId "5101018"]
[WhiteElo "2427"]
[BlackElo "2570"]
[Result "1-0"]
[Round "7"]
[TimeControl "180+2"]
[Date "2023.07.11"]
[WhiteClock "0:00:10"]
[BlackClock "0:00:15"]
[Board "95"]

1. e4 e5 2. Nf3 Nc6 3. Bb5 a6 4. Bxc6 dxc6 5. O-O Bg4 6. h3 h5 7. d3 Qf6 8. Be3 Bxf3 9. Qxf3 Qxf3 10. gxf3 Bd6 11. Nd2 Ne7 12. Rfd1 f6 13. Kf1 g5 14. Ke2 Ng6 15. Nc4 O-O-O 16. a4 b6 17. c3 Rhe8 18. Rac1 Kb7 19. d4 exd4 20. cxd4 Nf4+ 21. Bxf4 Bxf4 22. Rc2 Rd7 23. Ne3 Red8 24. Nf5 c5 25. d5 c6 26. dxc6+ Kxc6 27. Rxd7 Rxd7 28. Ne3 b5 29. axb5+ axb5 30. Nd5 Be5 31. b3 Ra7 32. Nb4+ Kd6 33. Nd5 Ra1 34. Rd2 Ke6 35. Rc2 Kd6 36. Rd2 Kc6 37. Ne7+ Kb6 38. Nd5+ Ka5 39. Rc2 Bd4 40. f4 g4 41. hxg4 h4 42. Kf3 Ra3 43. Kg2 Rxb3 44. e5 h3+ 45. Kh2 b4 46. exf6 Rb1 47. f7 Bg7 48. Rxc5+ Ka6 49. Rc8 b3 50. f8=Q Bxf8 51. Rxf8 Ka7 52. Rf6 Rd1 53. Rb6 Rd3 54. g5 Rf3 55. g6 Rxf2+ 56. Kxh3 Rd2 57. g7 Rxd5 58. Rxb3 Rd8 59. Rg3 Rd7 60. g8=Q Rc7 61. Rg7 Kb6 62. Qd8 Ka6 63. Qxc7 Kb5 64. Rd7 Kb4 65. Rd6 Kb3 66. Rb6+ Ka4 67. Qa7# 1-0


[Site "https://www.chess.com"]

[Event "Titled Tuesday Blitz July 11 Early 2023"]
[White "arenal72"]
[Black "infinitypoint"]
[WhiteElo "2426"]
[BlackElo "2568"]
[Result "1-0"]
[Round "7"]
[TimeControl "180+2"]
[Date "2023.07.11"]
[WhiteClock "0:00:12"]
[BlackClock "0:00:10"]
[Board "96"]

1. e4 e5 2. Nf3 Nf6 3. Nxe5 Nxe4 4. d4 d6 5. Nf3 d5 6. Bd3 Bd6 7. O-O O-O 8. c4 c6 9. Nc3 Re8 10. Re1 Nxc3 11. bxc3 Rxe1+ 12. Qxe1 Bg4 13. Ne5 Be6 14. c5 Bxe5 15. Qxe5 Nd7 16. Qg3 Nf8 17. Rb1 b5 18. Bg5 Qa5 19. Rb2 Re8 20. h4 Kh8 21. Bd2 Qa3 22. Rc2 a5 23. h5 h6 24. Kh2 b4 25. cxb4 axb4 26. Bf1 Qa4 27. Qb3 Ra8 28. Rb2 Qxb3 29. axb3 Bg4 30. Bxb4 Bxh5 31. Bd2 Ne6 32. Be3 Ra1 33. Bd3 f6 34. b4 Rd1 35. Rb3 Be8 36. Be2 Ra1 37. b5 cxb5 38. Bxb5 Bxb5 39. Rxb5 Ra4 40. c6 Rc4 41. Rxd5 Rxc6 42. Rd7 Ra6 43. d5 Ng5 44. f3 Kg8 45. Kg3 Kf8 46. Bc5+ Kg8 47. Rd8+ Kf7 48. Rd7+ Kg6 49. Bf8 Kf5 50. Bxg7 h5 51. Bf8 Ra4 52. Rd6 h4+ 53. Kh2 Ra2 54. Kg1 h3 55. gxh3 Nxf3+ 56. Kf1 Ke5 57. Rd8 f5 58. d6 Kf4 59. d7 Rd2 60. Bh6+ Kg3 61. Bxd2 Nxd2+ 62. Ke2 Ne4 63. Rg8+ Kf4 64. d8=Q Nc3+ 65. Kd3 Ne4 66. Qc7+ Kf3 67. Qc1 Nf2+ 68. Kd4 Nxh3 69. Qe3# 1-0


[Site "https://www.chess.com"]

[Event "Titled Tuesday Blitz July 11 Early 2023"]
[White "Lopez Gracia, Fernando"]
[Black "Rodchenkov, Sergey D."]
[WhiteFideId "2207184"]
[BlackFideId "4168712"]
[WhiteElo "2424"]
[BlackElo "2565"]
[Result "0-1"]
[Round "7"]
[TimeControl "180+2"]
[Date "2023.07.11"]
[WhiteClock "0:00:03"]
[BlackClock "0:00:06"]
[Board "97"]

1. e4 c5 2. Nf3 d6 3. d4 cxd4 4. Nxd4 Nf6 5. Nc3 a6 6. h3 e5 7. Nb3 h5 8. f4 Nbd7 9. Be3 b5 10. Qf3 Bb7 11. O-O-O Rc8 12. Nd5 Nxd5 13. exd5 Qc7 14. Rd2 Nf6 15. fxe5 Bxd5 16. exd6 Bxd6 17. Qf2 Ne4 18. Qe1 Bxb3 19. axb3 Nxd2 20. Qxd2 O-O 21. Bd3 Rfe8 22. Rf1 Be5 23. g4 h4 24. g5 g6 25. Kb1 Qe7 26. Qf2 Bg7 27. Bc1 Rc7 28. Qxh4 Rec8 29. Re1 Qd7 30. Qf4 a5 31. h4 a4 32. bxa4 bxa4 33. h5 a3 34. hxg6 axb2 35. gxf7+ Qxf7 36. Qxf7+ Kxf7 37. Rf1+ Kg8 38. Bxb2 Rb8 39. Kc1 Bxb2+ 40. Kd2 Bc3+ 41. Ke2 Re7+ 42. Kf3 Rf8+ 43. Kg2 Rxf1 44. Kxf1 Re5 45. g6 Kg7 46. Kg2 Bd4 47. Kf3 Kf6 48. Kg4 Bc3 49. Kf3 Rg5 50. Kf2 Ke5 51. Kf3 Rg1 52. Kf2 Bd4+ 53. Kf3 Ra1 54. Kg4 Ra7 55. Kh5 Kf4 56. Kh6 Bf6 57. c4 Ra1 58. Kh7 Rh1+ 59. Kg8 Ke5 60. Kf7 Rg1 61. Bc2 Bh8 62. Bd3 Rd1 63. Bc2 Rf1+ 64. Kg8 Bf6 65. Kf7 Kd6 66. g7 Be5+ 67. Kg8 Rg1 68. Kh8 Rxg7 69. c5+ Kxc5 70. Bh7 Kd6 71. Bg8 Ke7 72. Bh7 Kf8 73. Bg8 Rf7# 0-1


[Site "https://www.chess.com"]

[Event "Titled Tuesday Blitz July 11 Early 2023"]
[White "Ganiev, Roman"]
[Black "Gaal, Zsoka"]
[WhiteFideId "4131452"]
[BlackFideId "777765"]
[WhiteElo "2562"]
[BlackElo "2426"]
[Result "1-0"]
[Round "7"]
[TimeControl "180+2"]
[Date "2023.07.11"]
[WhiteClock "0:00:05"]
[BlackClock "0:00:02"]
[Board "98"]

1. e4 c6 2. d4 g6 3. Nc3 d5 4. Be3 Bg7 5. Qd2 dxe4 6. Nxe4 Nd7 7. O-O-O Ngf6 8. Nxf6+ Nxf6 9. h4 h5 10. Bc4 Ng4 11. Nh3 Nxe3 12. Qxe3 Bh6 13. Ng5 f6 14. Bf7+ Kd7 15. d5 Kc7 16. dxc6 Qf8 17. cxb7 Bxb7 18. Qc5+ Bc6 19. Bd5 Qe8 20. Rhe1 e5 21. Kb1 fxg5 22. Be4 Qe6 23. hxg5 Bf8 24. Qa5+ Kb7 25. Qb5+ Kc7 26. Bxc6 Qxc6 27. Qxe5+ Bd6 28. Qg7+ Qd7 29. Qxg6 Rhe8 30. Rf1 Rab8 31. Qxh5 Qb5 32. b3 Qe5 33. Qh7+ Kc6 34. Qd3 Ba3 35. Qa6+ Rb6 36. Qxa3 Rc8 37. Rfe1 Qxg5 38. Re6+ Kb7 39. Re7+ Kc6 40. Rde1 Qf5 41. R1e6+ Kb5 42. Qa4+ Kc5 43. Qc4# 1-0


[Site "https://www.chess.com"]

[Event "Titled Tuesday Blitz July 11 Early 2023"]
[White "Dinosaurio_1975"]
[Black "Matveeva, Olga"]
[BlackFideId "24107018"]
[WhiteElo "2560"]
[BlackElo "2423"]
[Result "1-0"]
[Round "7"]
[TimeControl "180+2"]
[Date "2023.07.11"]
[WhiteClock "0:00:51"]
[BlackClock "0:00:17"]
[Board "99"]

1. e4 e6 2. d4 d5 3. e5 c5 4. c3 Nc6 5. Nf3 Qb6 6. a3 Nh6 7. Bd3 Nf5 8. O-O Bd7 9. dxc5 Bxc5 10. b4 Be7 11. Bxf5 exf5 12. Qxd5 Be6 13. Qd3 Rd8 14. Qe2 O-O 15. Bf4 Rd7 16. Nbd2 Rfd8 17. Rfd1 h6 18. Nf1 Rxd1 19. Rxd1 Rxd1 20. Qxd1 Bc4 21. Ne3 Qa6 22. h4 Be2 23. Qd5 Qxa3 24. Nxf5 Bf8 25. e6 Qa1+ 26. Kh2 Qf1 27. exf7+ Kh8 28. Qd6 Bxd6 29. Bxd6 Bxf3 30. f8=Q+ 1-0


[Site "https://www.chess.com"]

[Event "Titled Tuesday Blitz July 11 Early 2023"]
[White "Rios Escobar, Adan"]
[Black "Horobetz, Graham"]
[WhiteFideId "3403645"]
[BlackFideId "2047322"]
[WhiteElo "2417"]
[BlackElo "2557"]
[Result "0-1"]
[Round "7"]
[TimeControl "180+2"]
[Date "2023.07.11"]
[WhiteClock "0:00:00"]
[BlackClock "0:00:05"]
[Board "100"]

1. d4 Nf6 2. g3 g6 3. Bg2 Bg7 4. e4 d6 5. Ne2 O-O 6. O-O c5 7. dxc5 dxc5 8. e5 Ng4 9. f4 f6 10. h3 Nh6 11. g4 fxe5 12. fxe5 Qxd1 13. Rxd1 Nf7 14. Nbc3 Nc6 15. Be3 Nfxe5 16. Bxc5 Be6 17. Nd5 Nf3+ 18. Bxf3 Rxf3 19. Nc7 Bc4 20. Nxa8 Bxe2 21. Rd2 Bc4 22. c3 Rxh3 23. Nc7 Ne5 24. Kg2 Rh4 25. Bxe7 Rxg4+ 26. Kh3 h5 27. Rd4 Nc6 28. Bc5 Nxd4 29. cxd4 Bxd4 30. Bxd4 Rxd4 31. Rg1 Kf7 32. b3 Rd7 33. bxc4 Rxc7 34. Rf1+ Ke6 35. Re1+ Kf5 36. Rf1+ Ke4 37. Re1+ Kd4 38. Re6 Kxc4 39. Rxg6 b5 40. Kh4 Rc5 41. Ra6 b4 42. Rxa7 Kc3 43. Ra6 Rb5 44. Ra4 Kb2 45. Kh3 Kc3 46. Kh4 Kc4 47. Kh3 Rd5 48. Kh4 Kb5 49. Ra8 Kc5 50. Ra5+ Kc4 51. Ra4 Kc3 0-1


[Site "https://www.chess.com"]

[Event "Titled Tuesday Blitz July 11 Early 2023"]
[White "Bruedigam, Martin"]
[Black "Topalov, Aleksandar"]
[WhiteFideId "24608033"]
[BlackFideId "925659"]
[WhiteElo "2552"]
[BlackElo "2413"]
[Result "1-0"]
[Round "7"]
[TimeControl "180+2"]
[Date "2023.07.11"]
[WhiteClock "0:00:04"]
[BlackClock "0:00:00"]
[Board "101"]

1. c4 Nf6 2. g3 g6 3. Bg2 Bg7 4. e3 O-O 5. d4 c5 6. Ne2 Nc6 7. d5 Na5 8. Qc2 d6 9. Nd2 a6 10. O-O b5 11. b3 Bf5 12. e4 Nxe4 13. Bxe4 Bxe4 14. Nxe4 Bxa1 15. h4 Bg7 16. h5 Rb8 17. Bd2 bxc4 18. bxc4 Rb2 19. Qa4 Nb7 20. h6 Bh8 21. Nf4 Qe8 22. Qa3 Qd7 23. Bc3 Rb6 24. Bxh8 Kxh8 25. Qc3+ f6 26. Ne6 Kg8 27. Nxf8 Kxf8 28. Nxf6 exf6 29. Qxf6+ Kg8 30. Re1 Qf7 31. Qg5 Rb2 32. f4 Na5 33. Re7 Rb1+ 34. Kh2 Rb2+ 35. Kh1 Rb1+ 36. Kg2 Rb2+ 37. Kf1 Rb1+ 38. Ke2 Rb2+ 39. Kd1 Qf8 40. Rg7+ Kh8 41. Qe7 1-0


[Site "https://www.chess.com"]

[Event "Titled Tuesday Blitz July 11 Early 2023"]
[White "Llanos, Guillermo"]
[Black "Orlov, Georgi"]
[WhiteFideId "100358"]
[BlackFideId "2011271"]
[WhiteElo "2400"]
[BlackElo "2546"]
[Result "0-1"]
[Round "7"]
[TimeControl "180+2"]
[Date "2023.07.11"]
[WhiteClock "0:00:25"]
[BlackClock "0:01:38"]
[Board "102"]

1. c4 Nf6 2. Nc3 Nc6 3. g3 d5 4. cxd5 Nxd5 5. Bg2 Nb6 6. Nf3 e5 7. O-O Be6 8. a3 Be7 9. b4 a5 10. b5 Nd4 11. Rb1 f6 12. Nxd4 exd4 13. Ne4 d3 14. exd3 Qxd3 15. Bb2 O-O 16. Nc3 Nc4 17. Be4 Qxd2 18. Qh5 f5 19. Rfd1 Qg5 20. Qxg5 Bxg5 21. Bxb7 Rad8 22. Bd5 Bxd5 23. Nxd5 Nd2 24. Nxc7 Nxb1 25. Rxb1 Rd6 26. b6 Rxb6 27. Nd5 Rb7 28. h4 Bf6 0-1


[Site "https://www.chess.com"]

[Event "Titled Tuesday Blitz July 11 Early 2023"]
[White "Rottenwohrer Suarez, Juan"]
[Black "a-z30"]
[WhiteFideId "32068182"]
[WhiteElo "2545"]
[BlackElo "2394"]
[Result "1/2-1/2"]
[Round "7"]
[TimeControl "180+2"]
[Date "2023.07.11"]
[WhiteClock "0:00:02"]
[BlackClock "0:00:07"]
[Board "103"]

1. c4 e6 2. Nf3 Nf6 3. g3 d5 4. Bg2 c5 5. cxd5 exd5 6. d4 Nc6 7. O-O Be7 8. Nc3 O-O 9. Bg5 c4 10. Ne5 h6 11. Bxf6 Bxf6 12. f4 Qb6 13. Nxd5 Qxd4+ 14. Qxd4 Nxd4 15. Nxf6+ gxf6 16. Nxc4 Be6 17. Nd6 Rad8 18. Nxb7 Nxe2+ 19. Kh1 Rd2 20. b4 Bxa2 21. Nc5 Rfd8 22. Ne4 Rb2 23. Nxf6+ Kg7 24. Nh5+ Kg6 25. g4 Rdd2 26. Be4+ f5 27. Bxf5+ Kf7 28. Be4 Nc3 29. Bf3 Rxh2+ 30. Kg1 Rhd2 31. Ng3 Bd5 32. Bxd5+ Nxd5 33. Rxa7+ Kf8 34. Ra8+ Kf7 35. Ra7+ Kf8 36. Ra8+ Kf7 37. Ra7+ 1/2-1/2


[Site "https://www.chess.com"]

[Event "Titled Tuesday Blitz July 11 Early 2023"]
[White "Kumala, Aleksander"]
[Black "MAHanif"]
[WhiteFideId "1141880"]
[WhiteElo "2542"]
[BlackElo "2392"]
[Result "1-0"]
[Round "7"]
[TimeControl "180+2"]
[Date "2023.07.11"]
[WhiteClock "0:00:56"]
[BlackClock "0:00:11"]
[Board "104"]

1. d4 Nf6 2. Bg5 e6 3. Nd2 Be7 4. e3 d5 5. Bd3 c5 6. c3 Nc6 7. f4 Bd7 8. Ngf3 Rc8 9. O-O Qb6 10. Ne5 cxd4 11. cxd4 h6 12. Bxf6 Bxf6 13. Nxd7 Kxd7 14. f5 Nxd4 15. fxe6+ Nxe6 16. Nb3 Qxe3+ 17. Kh1 Ke7 18. Bf5 Rhd8 19. Qh5 Qg5 20. Qh3 Rc4 21. Rae1 Rd6 22. Na5 Rb4 23. Qa3 Qd2 24. Nb3 Bxb2 25. Qxa7 Qc3 26. Qb8 Rxb3 27. axb3 Qxb3 28. Bxe6 Rxe6 29. Rxe6+ fxe6 30. Qc7+ Ke8 31. Qc8+ Ke7 32. Qf8+ Kd7 33. Rf7+ Kc6 34. Qc8+ Kd6 35. Qc7# 1-0


[Site "https://www.chess.com"]